 Dungeon Crawl Stone Soup version 0.19-a0-805-g0a78ef0 (webtiles) character file.

27 tyrsky the Stinger (level 3, 0/35 HPs)
             Began as an Ogre Venom Mage on June 27, 2016.
             Succumbed to a kobold's poison
             ... on level 3 of the Dungeon.
             The game lasted 00:05:31 (656 turns).

tyrsky the Stinger (Ogre Venom Mage)                 Turns: 656, Time: 00:05:31

Health: 0/35       AC:  3    Str: 10 (13) XL:     3   Next: 10%
Magic:  0/6        EV: 10    Int: 13 (14) God:
Gold:   46         SH:  0    Dex:  9 (11) Spells: 1 memorised, 5 levels left

rFire  . . .     SeeInvis .     (no weapon)
rCold  . . .     Gourm    .     a - +0 robe
rNeg   . . .     Faith    .     (no shield)
rPois  .         Spirit   .     (helmet restricted)
rElec  .         Dismiss  .     (no cloak)
rCorr  .         Reflect  .     (gloves unavailable)
SustAt .         Harm     .     (boots unavailable)
MR     .....                    (no amulet)
Stlth  +.........               (no ring)
                                (no ring)

@: lethally poisoned (0 -> -5), not resistant to hostile enchantments, very
unstealthy
A: unfitting armour, tough skin 1
a: no special abilities


You were on level 3 of the Dungeon.
You were full.

You visited 1 branch of the dungeon, and saw 4 of its levels.

You collected 46 gold pieces.

Inventory:

Missiles
 g - 6 javelins (quivered)
Armour
 a - a +0 robe (worn)
Scrolls
 d - a scroll of remove curse {unknown}
 f - 2 scrolls of teleportation {unknown}
 i - a scroll of identify {unknown}
Potions
 e - a potion of degeneration
Books
 b - a Young Poisoner's Handbook

   Spells                             Type                      Level
   a - Sting                          Conjuration/Poison           1
   b - Mephitic Cloud                 Conjuration/Poison/Air       3
   c - Olgreb's Toxic Radiance        Poison                       4
   d - Alistair's Intoxication        Transmutation/Poison         5
   e - Venom Bolt                     Conjuration/Poison           5
Comestibles
 c - 2 bread rations


   Skills:
 + Level 2.0 Fighting
 + Level 2.2 Dodging
 - Level 1.5 Stealth
 - Level 2.4 Spellcasting
 + Level 3.2 Poison Magic


You had 5 spell levels left.
You knew the following spells:

 Your Spells              Type           Power        Failure   Level  Hunger
a - Sting                 Conj/Pois      #...         14%         1    #......


Dungeon Overview and Level Annotations

Branches:
Dungeon (4/15)
 Temple: D:4-7

Altars:


Innate Abilities, Weirdness & Mutations

You are too large for most types of armour.
You have tough skin. (AC +1)


Message History

Sorry, you're not good enough to have a special ability.
* * * LOW HITPOINT WARNING * * *
You feel sick.
* * * LOW HITPOINT WARNING * * *
You feel sick.
* * * LOW HITPOINT WARNING * * *
You feel sick.
Casting: Sting
Confirm with . or Enter, or press ? or * to list all spells.
Aiming: Sting
Press: ? - help, Shift-Dir - straight line, f/p - kobold
Aim: a kobold, wielding a short sword of venom The sting hits the kobold.
The kobold is poisoned.
The kobold is severely wounded.
* * * LOW HITPOINT WARNING * * *
You feel sick. The kobold barely misses you.
You see here a quokka corpse.
You hit the kobold.
You kill the kobold!
You die...

#
##############
............>#
###
######.######
..# #...# ..#
###.# ..# #.#
### #.# ##'##
#.O.# #.).#
#...# ## #...#
.#
##########...#
.#
#....w†..'...#
(#
#.########...#
(# #.# #...#
.# #w# #####


There were no monsters in sight!

Vanquished Creatures
  A worm (D:4)
  A dart slug (D:3)
  A giant gecko (D:3)
  A bat (D:2)
  A hobgoblin (D:3)
  3 jackals
  A kobold (D:3)
  A quokka (D:3)
  2 ball pythons (D:3)
  A giant newt (D:4)
  2 goblins
  8 rats
23 creatures vanquished.

Notes
Turn   | Place    | Note
--------------------------------------------------------------
     0 | D:1      | tyrsky the Ogre Venom Mage began the quest for the Orb.
     0 | D:1      | Reached XP level 1. HP: 16/16 MP: 3/3
   181 | D:2      | Reached skill level 3 in Poison Magic
   187 | D:2      | Reached skill level 1 in Fighting
   269 | D:3      | Reached XP level 2. HP: 23/27 MP: 0/5
   538 | D:4      | Noticed a phantom
   567 | D:3      | Reached XP level 3. HP: 26/35 MP: 1/6
   654 | D:3      | HP: 1/35 [poisoned by a kobold]
   656 | D:3      | Succumbed to a kobold's poison

Vault maps used:
D:1:      saegor_arrival_miasma, minmay_misc_feat_five
D:2:      ecumenical_altar_1, minmay_distorted
D:4:      old_standard_altar, trog_wizard

Skill      XL: |  1  2 |
---------------+-------+-----
Poison Magic   | 3 |  3.2
Fighting       | 1 2 |  2.0
Dodging        | 2 |  2.2
Stealth        | |  1.5
Spellcasting   | |  2.4

Action                   || total
-------------------------++-------
Melee: Unarmed           ||    77
Throw: Javelin           ||     7
 Cast: Sting             ||    36
  Use: Potion            ||     2
  Eat: Bread ration      ||     1
Armor: Robe              ||    21
Dodge: Dodged            ||    65
